 Dungeon Crawl Stone Soup version 0.28.0-53-g5a82cb258f (webtiles) character file.

Game seed: 16768311190070869995

52 DemonSlayer the Firebug (level 3, 0/24 HPs)
             Began as a Demonspawn Fire Elementalist on Aug 12, 2022.
             Killed from afar by Sigmund (7 damage)
             ... with a magic dart
             ... on level 2 of the Dungeon.
             The game lasted 00:03:23 (2054 turns).

DemonSlayer the Firebug (DsFE)                      Turns: 2054, Time: 00:03:23

Health: 0/24       AC:  2    Str:  8    XL:     3   Next: 60%
Magic:  5/6        EV: 12    Int: 18    God:
Gold:   43         SH:  0    Dex: 13    Spells: 0/6 levels left

rFire   . . .      SeeInvis .   b - +0 dagger
rCold   . . .      Faith    .   (no shield)
rNeg    . . .      Spirit   .   a - +0 robe
rPois   .          Reflect  .   (helmet restricted)
rElec   .          Harm     .   (no cloak)
rCorr   .          Rampage  .   (no gloves)
Will    .....                   (no boots)
Stlth   ++........              (no amulet)
HPRegen 0.08/turn               (no ring)
MPRegen 0.10/turn               (no ring)

@: no status effects
A: antennae 2
a: no special abilities


You were on level 2 of the Dungeon.
You visited 1 branch of the dungeon, and saw 2 of its levels.

You collected 43 gold pieces.

Inventory:

Hand Weapons
 b - a +0 dagger (weapon)
Armour
 a - a +0 robe (worn)
Scrolls
 c - a scroll of identify {unknown}
 d - a scroll of magic mapping {unknown}
 f - a scroll of enchant armour {unknown}
Potions
 e - a potion of resistance {unknown}


   Skills:
 + Level 0.4 Short Blades
 + Level 1.9 Dodging
 + Level 2.2 Stealth
 + Level 2.4 Spellcasting
 + Level 1.4 Conjurations
 + Level 3.3 Fire Magic


You couldn't memorise any spells.
You knew the following spells:

 Your Spells              Type           Power      Damage    Failure   Level
a - Foxfire               Conj/Fire      40%        2x1d6     7%          1
b - Scorch                Fire           28%        2d6       7%          2
c - Conjure Flame         Conj/Fire      10%        6-21      21%         3

Your spell library contained the following spells:

 Spells                   Type           Power      Damage    Failure   Level
 Inner Flame              Hex/Fire       8%         N/A       26%         3
 Flame Wave               Conj/Fire      10%        2d5       54%         4


Dungeon Overview and Level Annotations

Branches:
Dungeon (2/15)

Altars:

Annotations:
D:2 Sigmund


Innate Abilities, Weirdness & Mutations

You have a pair of antennae on your head.


Message History

Your magical contamination has completely faded away.
Magic restored.
HP restored.
Things that are here:
a +0 club; a +0 robe
f - a scroll labelled CUSMIAD NAIHUN Sigmund the Dreaded comes into view.
He is wielding a +0 scythe.
Found a tubular gilded ring.
Sigmund is nearby!
Sigmund is nearby!
This spell is extremely dangerous to cast!
Memorise Conjure Flame, consuming 3 spell levels and leaving 0?
Sigmund shouts!
You start memorising the spell.
You continue memorising. x3
You finish memorising.
Spell assigned to 'c'.
Casting: Foxfire (safe; 7% risk of failure)
Confirm with . or Enter, or press ? or * to list all spells.
The spell is extremely dangerous to miscast (21% risk of failure)!
Continue anyway?
Uppercase [Y]es or [N]o only, please.
The spell is extremely dangerous to miscast (21% risk of failure)!
Continue anyway?
You miscast Conjure Flame.
You are very lightly contaminated with residual magic.
You are caught in a violent explosion!
Your magical contamination has completely faded away.
Sigmund points at you and mumbles some strange words.
You are confused.
Sigmund casts a spell.
Sigmund flickers and vanishes!
Deactivating autopickup; reactivate with Ctrl-A.
Something hits you.
You feel less confused. Something hits you.
A magic dart appears from out of thin air!
The magic dart hits you.
A magic dart appears from out of thin air!
The magic dart hits you.
* * * LOW HITPOINT WARNING * * *
A magic dart appears from out of thin air!
The magic dart hits you!
You die...

#.# #.###.## #.........@.
..# #......## #.#.. #.#
#.###.#.....## #.#.# #.#
#..........).## #.#.# #.#
###.....<.....## #.#.# #.#
####.........## #.#.# #.#
##.........######.#.# #@#
.......<........##.#.###.#
###.#.#.....@...#.....##.#
#.#.##...####...{......#
..#.###....##)#.....#### #
#. #.##)......#.##
#.#####.####.# ... #.# #.#
##. ... ..# ## ##### ###


There were no monsters in sight!

Vanquished Creatures
  Jessica (D:2)
  2 bats (D:1)
  3 endoplasms
  A giant cockroach (D:1)
  4 goblins
  4 hobgoblins (D:1)
  2 ball pythons (D:1)
  5 kobolds
  2 rats (D:1)
24 creatures vanquished.

Vanquished Creatures (others)
  70 foxfires
  22 plants (D:2)
92 creatures vanquished.

Grand Total: 116 creatures vanquished

Notes
Turn   | Place    | Note
-------+----------+-------------------------------------------
     0 | D:1      | DemonSlayer the Demonspawn Fire Elementalist began the
                  | quest for the Orb.
     0 | D:1      | Reached XP level 1. HP: 13/13 MP: 3/3
     1 | D:1      | Noticed an electric eel
   431 | D:1      | Reached skill level 3 in Fire Magic
   433 | D:1      | Gained mutation: You have a pair of small antennae on your
                  | head. [demonic ancestry]
   433 | D:1      | Reached XP level 2. HP: 16/19 MP: 0/5
   436 | D:1      | Learned a level 2 spell: Scorch
  1896 | D:2      | Noticed Jessica
  1913 | D:2      | Killed Jessica
  1914 | D:2      | Gained mutation: You have a pair of antennae on your head.
                  | [demonic ancestry]
  1914 | D:2      | Reached XP level 3. HP: 16/24 MP: 0/6
  2025 | D:2      | Noticed Sigmund
  2030 | D:2      | Learned a level 3 spell: Conjure Flame
  2054 | D:2      | Killed from afar by Sigmund

Illustrated notes

Levels and vault maps discovered:
D:1:      arrival_aquarium_a, layout_basic, st_stairs_14
D:2:      layout_loops_ring, serial_bayou, serial_bayou_pond_b,
          serial_bayou_shore_b, serial_bayou_shore_a, serial_bayou_ford_a,
          uniq_jessica, uniq_crazy_yiuf_cottage, uniq_sigmund

Skill      XL: |  1  2 |
---------------+-------+-----
Fire Magic     | 3 |  3.3
Stealth        | 2 |  2.2
Short Blades   | |  0.4
Dodging        | |  1.9
Spellcasting   | |  2.4
Conjurations   | |  1.4

Action                   || total
-------------------------++-------
Melee: Dagger            ||    27
 Cast: Foxfire           ||    43
 Stab: Sleeping          ||     4
Armor: Robe              ||     4
Dodge: Dodged            ||    27
